[Event "Titled Tuesday Blitz September 21 2021"]
[White "Xiong, Jeffery"]
[Black "Anuj Shrivatri"]
[WhiteFideId "2047640"]
[BlackFideId "35070924"]
[WhiteElo "2699"]
[BlackElo "2038"]
[Result "1-0"]
[Round "03"]
[TimeControl "180+1"]
[Date "2021.09.21"]
[WhiteClock "0:00:53"]
[BlackClock "0:00:01"]

1. d4 Nf6 2. Nf3 g6 3. Nbd2 d5 4. b4 Bg7 5. e3 O-O 6. Be2 a5 7. b5 c5 8. bxc6 Nxc6 9. O-O Bf5 10. c3 Re8 11. Ba3 e5 12. dxe5 Nxe5 13. Nxe5 Rxe5 14. Nf3 Re8 15. Nd4 Bd7 16. Rc1 Qb6 17. c4 dxc4 18. Bxc4 Ng4 19. Bd5 Rab8 20. Qb3 Qxb3 21. axb3 Nf6 22. Bf3 Bf8 23. Bb2 Bd6 24. Ra1 Bb4 25. Nc2 Re6 26. Rfd1 Bc6 27. Nxb4 axb4 28. Be2 Ne8 29. Rd4 f6 30. Bc4 Kf7 31. Rad1 Ke7 32. Bxe6 Kxe6 33. Rxb4 Nd6 34. Bxf6 Ne4 35. Bb2 Rf8 36. f3 Nd6 37. e4 Nf7 38. Rbd4 Ra8 39. Ra1 Rc8 40. Kf2 Bb5 41. Rd2 h5 42. Rc1 Bc6 43. h4 Ra8 44. Rc5 Ra2 45. Ke3 Nh6 46. Kf4 Nf7 47. b4 Bd7 48. b5 b6 49. Rcd5 1-0


[Site "https://www.chess.com"]

[Event "Titled Tuesday Blitz September 21 2021"]
[White "Yaniuk, Volodymyr"]
[Black "Priasmoro, Novendra"]
[WhiteFideId "14133083"]
[BlackFideId "7105029"]
[WhiteElo "2207"]
[BlackElo "2309"]
[Result "1-0"]
[Round "03"]
[TimeControl "180+1"]
[Date "2021.09.21"]
[WhiteClock "0:00:10"]
[BlackClock "0:00:08"]

1. d4 Nf6 2. c4 g6 3. Nc3 d5 4. Nf3 Bg7 5. Bg5 Ne4 6. cxd5 Nxg5 7. Nxg5 e6 8. Nf3 exd5 9. e3 O-O 10. Bd3 c6 11. O-O Nd7 12. b4 Re8 13. a4 Nf6 14. Qc2 Qe7 15. Rab1 Ne4 16. Bxe4 dxe4 17. Nd2 Bf5 18. Rfc1 Rac8 19. Ne2 h5 20. Ng3 Bd7 21. Qxe4 Qg5 22. Nf3 Qf6 23. Qh4 Qe6 24. Rb2 a5 25. bxa5 c5 26. Rbc2 c4 27. Ne5 Bxa4 28. Rxc4 Bf6 29. Qe4 Rxc4 30. Rxc4 Bc6 31. Nxc6 Qxc4 32. Qxe8+ Kg7 33. Ne7 h4 34. Nf1 h3 35. Qg8+ Kh6 36. Qe8 hxg2 37. Kxg2 Kg7 38. Qd7 Qb4 39. Nd5 Qb1 40. Nxf6 Kxf6 41. Qd6+ Kg7 42. Qe5+ Kg8 43. d5 Qb5 44. Qd4 Qxa5 45. d6 Qd8 46. d7 Kf8 47. Qd6+ Kg7 48. Ng3 b5 49. Qe5+ Kg8 50. Qe8+ Qxe8 51. dxe8=Q+ Kg7 52. Qe5+ f6 53. Qxb5 g5 54. Qb2 Kg6 55. Ne4 g4 56. Qxf6+ Kh5 57. Qg5# 1-0


[Site "https://www.chess.com"]

[Event "Titled Tuesday Blitz September 21 2021"]
[White "Yeletsky, Ivan"]
[Black "Bendayan Claros, Aaron"]
[WhiteFideId "24180327"]
[BlackFideId "3803392"]
[WhiteElo "2344"]
[BlackElo "2133"]
[Result "1-0"]
[Round "03"]
[TimeControl "180+1"]
[Date "2021.09.21"]
[WhiteClock "0:01:07"]
[BlackClock "0:00:07"]

1. e4 c6 2. d4 d5 3. Nc3 dxe4 4. Nxe4 Nf6 5. Qd3 Nxe4 6. Qxe4 Nd7 7. Nf3 Nf6 8. Qe5 Bg4 9. Be2 e6 10. Bf4 Be7 11. h3 Bf5 12. c3 Qd5 13. O-O Qxe5 14. Nxe5 O-O 15. a4 Rad8 16. a5 a6 17. b4 Nd5 18. Bd2 Bd6 19. Nc4 Bf4 20. Rac1 Bxd2 21. Nxd2 Rd7 22. Bf3 Rfd8 23. Nb3 Nf6 24. Nc5 Rc7 25. Rfe1 Nd7 26. h4 Nxc5 27. bxc5 Bd3 28. Re3 Bc4 29. Rb1 g6 30. Rb4 Ba2 31. Re1 f6 32. g4 Kf7 33. g5 Re7 34. gxf6 Kxf6 35. Re5 h5 36. Kh2 Kg7 37. Be2 Rf8 38. Kg3 Rf5 39. f3 Rxe5 40. dxe5 Rd7 41. Rb2 Bd5 42. c4 1-0


[Site "https://www.chess.com"]

[Event "Titled Tuesday Blitz September 21 2021"]
[White "Yordanov, Nikolay Plamenov"]
[Black "Vlassov, Nikolai"]
[WhiteFideId "2907445"]
[BlackFideId "4103360"]
[WhiteElo "2248"]
[BlackElo "2407"]
[Result "0-1"]
[Round "03"]
[TimeControl "180+1"]
[Date "2021.09.21"]
[WhiteClock "0:00:49"]
[BlackClock "0:01:10"]

1. d4 Nf6 2. Bf4 g6 3. e3 Bg7 4. h3 O-O 5. Nf3 d6 6. Be2 c5 7. O-O cxd4 8. exd4 Qb6 9. Qc1 Nc6 10. c3 Re8 11. Na3 e5 12. Nc4 Qc7 13. dxe5 dxe5 14. Bh6 e4 15. Bxg7 Kxg7 16. Nh2 b5 17. Ne3 b4 18. cxb4 Re7 19. a3 Nd4 20. Qd2 Nb3 21. Qe1 Nxa1 22. Qxa1 a5 23. bxa5 Rxa5 24. b4 Ra8 25. Nhg4 Bxg4 26. Nxg4 Re6 27. Rc1 Qa7 28. Bc4 Rd6 29. Nxf6 Rxf6 30. Rf1 Qxa3 31. Qb1 e3 32. fxe3 Qxe3+ 33. Kh1 Rxf1+ 34. Bxf1 Qd4 35. b5 Ra1 0-1


[Site "https://www.chess.com"]

[Event "Titled Tuesday Blitz September 21 2021"]
[White "Zarubitski, Viachaslau"]
[Black "LEGENYA1998"]
[WhiteFideId "13509373"]
[WhiteElo "2315"]
[BlackElo "2431"]
[Result "1-0"]
[Round "03"]
[TimeControl "180+1"]
[Date "2021.09.21"]
[WhiteClock "0:00:26"]
[BlackClock "0:01:19"]

1. b3 Nc6 2. Bb2 d5 3. f4 Bf5 4. Nf3 e6 5. e3 a6 6. Be2 h6 7. O-O Nf6 8. h3 Bd6 9. a3 O-O 10. d3 Qe7 11. Nbd2 e5 12. fxe5 Nxe5 13. Nxe5 Bxe5 14. d4 Bd6 15. Rxf5 Qxe3+ 16. Kh1 Qg3 17. Qg1 Rfe8 18. Bd3 Ng4 19. Rf3 Qh4 20. Raf1 Re7 21. Bf5 Nf6 22. c4 c6 23. Bc3 Rae8 24. Bb4 Bxb4 25. axb4 Re1 26. Qf2 Rxf1+ 27. Nxf1 Qg5 28. Re3 Ne4 29. Bxe4 dxe4 30. Rg3 Qc1 31. Re3 Re6 32. Kg1 Rf6 33. Qe1 Qb2 34. Rxe4 Qxb3 35. Re8+ Kh7 36. Qe4+ g6 37. Qe5 Kg7 38. Rd8 Qd1 39. Rg8+ Kxg8 40. Qxf6 Qc2 41. d5 cxd5 42. cxd5 Qc4 43. d6 1-0


[Site "https://www.chess.com"]

[Event "Titled Tuesday Blitz September 21 2021"]
[White "Akshat, Khamparia"]
[Black "Ghimpu, Samuel-Timotei"]
[WhiteFideId "5016541"]
[BlackFideId "1238175"]
[WhiteElo "2237"]
[BlackElo "2012"]
[Result "0-1"]
[Round "04"]
[TimeControl "180+1"]
[Date "2021.09.21"]
[WhiteClock "0:00:17"]
[BlackClock "0:00:39"]

1. d4 Nf6 2. c4 g6 3. Nc3 d5 4. cxd5 Nxd5 5. Nf3 Bg7 6. Bg5 O-O 7. Qd2 Nc6 8. h4 Bg4 9. h5 Bxf3 10. exf3 Nxd4 11. hxg6 hxg6 12. Bh6 Nxc3 13. Bxg7 Kxg7 14. Qh6+ Kf6 15. Qh4+ Ke5 16. bxc3 Nc2+ 17. Ke2 Nxa1 18. Qe4+ Kd6 19. Qd4+ Ke6 20. Qg4+ f5 21. Qb4 Qd5 22. Rh6 Rf6 0-1


[Site "https://www.chess.com"]

[Event "Titled Tuesday Blitz September 21 2021"]
[White "Aldokhin, Ivan"]
[Black "Martin, Lewis"]
[WhiteFideId "24115720"]
[BlackFideId "410551"]
[WhiteElo "2265"]
[BlackElo "2145"]
[Result "1-0"]
[Round "04"]
[TimeControl "180+1"]
[Date "2021.09.21"]
[WhiteClock "0:00:15"]
[BlackClock "0:00:09"]

1. e4 c5 2. Nf3 d6 3. d4 cxd4 4. Nxd4 Nf6 5. Nc3 a6 6. Bc4 e5 7. Nf3 Be7 8. h3 O-O 9. O-O Qc7 10. Bb3 Nc6 11. Bg5 Be6 12. Bxf6 Bxf6 13. Nd5 Bxd5 14. Qxd5 Ne7 15. Qd3 Rad8 16. Rfd1 Ng6 17. g3 Rfe8 18. Nd2 b5 19. a4 Qb6 20. axb5 axb5 21. Nf1 Qd4 22. c3 Qxd3 23. Rxd3 Be7 24. Rf3 Rf8 25. Ra7 Bf6 26. Ne3 Ra8 27. Bxf7+ Kh8 28. Rxa8 Rxa8 29. Nd5 Ra1+ 30. Kg2 Rb1 31. Bxg6 hxg6 32. b4 Kg8 33. Nxf6+ gxf6 34. Rxf6 Rd1 35. Rxg6+ Kf7 36. Rh6 Rd3 37. h4 Rxc3 38. Rxd6 Rc4 39. Rd5 Rxb4 40. Rxe5 Rb2 41. h5 Kf6 42. Rf5+ Kg7 43. g4 b4 44. g5 Re2 45. Kf3 Re1 46. Rb5 Rg1 47. Rb7+ Kg8 48. Kf4 Rg2 49. f3 Rh2 50. h6 Rh4+ 51. Kf5 b3 52. g6 Rxh6 53. Kf6 1-0


[Site "https://www.chess.com"]

[Event "Titled Tuesday Blitz September 21 2021"]
[White "Al-Tarboush, Ward"]
[Black "Arabidze, Meri"]
[WhiteFideId "7601450"]
[BlackFideId "13604040"]
[WhiteElo "2319"]
[BlackElo "2432"]
[Result "1/2-1/2"]
[Round "04"]
[TimeControl "180+1"]
[Date "2021.09.21"]
[WhiteClock "0:00:05"]
[BlackClock "0:00:11"]

1. e4 c5 2. Nf3 e6 3. d4 cxd4 4. Nxd4 Nc6 5. Nc3 a6 6. Be3 Nf6 7. Qd2 Qc7 8. O-O-O Be7 9. f4 O-O 10. e5 Ng4 11. Bg1 d5 12. h3 Nh6 13. g4 f5 14. exf6 Bxf6 15. g5 Bxd4 16. gxh6 Qxf4 17. hxg7 Qxd2+ 18. Kxd2 Bxg7 19. Kc1 Bd7 20. Bc5 Rf7 21. Bd3 Ne5 22. Be2 Ng6 23. Kb1 Rc8 24. Bd6 Be5 25. Bb4 Nf4 26. Rhg1+ Kh8 27. Bg4 h5 28. Rde1 Bxc3 29. Bxc3+ Rxc3 30. bxc3 hxg4 31. Rxg4 e5 32. Rh4+ Rh7 33. Rxh7+ Kxh7 34. Rxe5 Bc6 35. Rf5 Ne2 36. Kb2 Kg6 37. Rf2 Bb5 38. a4 Bc4 39. a5 Kg7 40. Rf3 Kg6 41. Ka3 Kg5 42. Kb4 Kh4 43. Kc5 Ng1 44. Rf4+ Kxh3 45. Kb6 Ne2 46. Rxc4 dxc4 47. Kxb7 Nxc3 48. Kxa6 Ne4 49. Kb6 c3 50. a6 Nd6 51. Kc7 Nb5+ 52. Kc6 Na7+ 53. Kb6 Nc8+ 54. Kb7 Nd6+ 55. Kc6 Nc8 56. Kc5 Kg4 57. Kc4 Kf5 58. Kxc3 Ke6 59. Kb4 Kd6 60. Kb5 Kc7 61. Kc5 Na7 62. c4 Nc6 63. Kb5 Na7+ 64. Kc5 Nc6 65. Kd5 Na7 66. c5 Nc6 67. Kc4 Na7 68. Kb4 Kc6 69. Kc4 Kc7 70. Kb4 Nc8 71. Kc4 Kc6 72. Kb4 Na7 73. Kc4 Nb5 74. Kb4 Na7 1/2-1/2


[Site "https://www.chess.com"]

[Event "Titled Tuesday Blitz September 21 2021"]
[White "Andreikin, Dmitry"]
[Black "Dobrov, Vladimir"]
[WhiteFideId "4158814"]
[BlackFideId "4136594"]
[WhiteElo "3014"]
[BlackElo "2791"]
[Result "1-0"]
[Round "04"]
[TimeControl "180+1"]
[Date "2021.09.21"]
[WhiteClock "0:00:24"]
[BlackClock "0:00:01"]

1. d4 Nf6 2. c4 e6 3. Nc3 Bb4 4. Nf3 d5 5. Bg5 h6 6. Bxf6 Qxf6 7. e3 O-O 8. Rc1 c5 9. cxd5 exd5 10. dxc5 Be6 11. a3 Bxc5 12. Nxd5 Bxd5 13. Qxd5 Bb6 14. Bd3 Qxb2 15. O-O Nc6 16. a4 Rad8 17. Qe4 g6 18. Bb5 Rd6 19. Bxc6 Rxc6 20. Rxc6 bxc6 21. Qxc6 Rd8 22. h4 Kg7 23. h5 gxh5 24. Qe4 Qf6 25. Rc1 Qe6 26. Qxe6 fxe6 27. Ne5 Kf6 28. Nc6 Rd2 29. a5 Bc7 30. g3 a6 31. Nd4 Bxa5 32. Rc6 Kf7 33. Rxa6 Bc3 34. Nxe6 Be5 35. Kg2 Bd6 36. Nd4 Bf8 37. Ra7+ Kf6 38. Ra6+ Kf7 39. Nf5 Rc2 40. Nxh6+ Ke7 41. Nf5+ Kf7 42. Kf3 Rb2 43. Nh4 Bb4 44. Rb6 Bc3 45. Rxb2 Bxb2 46. Ke4 Bf6 47. f4 Ke6 48. Nf3 1-0


[Site "https://www.chess.com"]

[Event "Titled Tuesday Blitz September 21 2021"]
[White "Anuj Shrivatri"]
[Black "Jain, Naveen"]
[WhiteFideId "35070924"]
[BlackFideId "5003970"]
[WhiteElo "2038"]
[BlackElo "2036"]
[Result "1-0"]
[Round "04"]
[TimeControl "180+1"]
[Date "2021.09.21"]
[WhiteClock "0:01:31"]
[BlackClock "0:00:14"]

1. d4 Nf6 2. c4 c5 3. d5 b5 4. cxb5 a6 5. bxa6 g6 6. Nc3 Qa5 7. a7 Rxa7 8. Bd2 Bg7 9. e4 Rb7 10. e5 Ng8 11. Nf3 Nh6 12. Bd3 O-O 13. O-O d6 14. exd6 exd6 15. Ne4 Qd8 16. Bc3 Bf5 17. Nfd2 Re8 18. Qc2 Bxe4 19. Nxe4 Nf5 20. Bxg7 Kxg7 21. Qc3+ Nd4 22. Rfe1 f5 23. Nd2 Rbe7 24. Rxe7+ Qxe7 25. Nf3 Qf6 26. Nxd4 Qxd4 27. Qxd4+ cxd4 28. a4 Re7 29. a5 Ra7 30. b4 Nd7 31. f4 Nf6 32. Bc4 Ne4 33. b5 Nd2 34. b6 Ra8 35. b7 Rb8 36. a6 Nxc4 37. a7 1-0


[Site "https://www.chess.com"]

[Event "Titled Tuesday Blitz September 21 2021"]
[White "Assaubayeva, Bibisara"]
[Black "Beulen, Marcel"]
[WhiteFideId "13708694"]
[BlackFideId "1001450"]
[WhiteElo "2232"]
[BlackElo "2414"]
[Result "1-0"]
[Round "04"]
[TimeControl "180+1"]
[Date "2021.09.21"]
[WhiteClock "0:00:33"]
[BlackClock "0:00:20"]

1. d4 d5 2. c4 c6 3. Nf3 Nf6 4. e3 Bf5 5. Nc3 a6 6. Bd3 Bg6 7. O-O e6 8. Re1 Nbd7 9. e4 dxe4 10. Nxe4 Be7 11. Bf4 Nxe4 12. Bxe4 O-O 13. Qd2 Bxe4 14. Rxe4 c5 15. Rd1 Nf6 16. Re3 cxd4 17. Nxd4 Rc8 18. Rd3 Qb6 19. b3 Rfd8 20. Qe2 h6 21. h3 Rd7 22. Nf5 Qd8 23. Rxd7 Nxd7 24. Qg4 exf5 25. Qxf5 Bf6 26. Qxd7 Qxd7 27. Rxd7 b5 28. Bc7 bxc4 29. bxc4 Re8 30. c5 Re1+ 31. Kh2 Rc1 32. Bd6 Rc2 33. Ra7 Rxa2 34. c6 Kh7 35. c7 Rc2 36. Ra8 1-0


[Site "https://www.chess.com"]

[Event "Titled Tuesday Blitz September 21 2021"]
[White "Baskin, Robert"]
[Black "Kovalev, Vladislav"]
[WhiteFideId "24662402"]
[BlackFideId "13504398"]
[WhiteElo "2521"]
[BlackElo "2573"]
[Result "1-0"]
[Round "04"]
[TimeControl "180+1"]
[Date "2021.09.21"]
[WhiteClock "0:00:32"]
[BlackClock "0:00:06"]

1. e4 e5 2. Nf3 Nc6 3. Bc4 Nf6 4. Ng5 d5 5. exd5 Na5 6. Bb5+ c6 7. dxc6 bxc6 8. Bd3 Nd5 9. Nf3 Bd6 10. O-O O-O 11. Re1 f5 12. Nxe5 Qf6 13. Nf3 g5 14. c4 Nf4 15. Bf1 g4 16. d4 gxf3 17. Qxf3 Ne6 18. Qc3 Nb7 19. c5 Bc7 20. b4 a5 21. b5 cxb5 22. Bxb5 Qxd4 23. Bc4 Qxc3 24. Nxc3 Nxc5 25. Ba3 Kg7 26. Bxc5 Bxh2+ 27. Kxh2 Nxc5 28. Re7+ Kg6 29. Rd1 Ne4 30. Nxe4 fxe4 31. Bd5 Ra6 32. Bxe4+ Bf5 33. Bf3 a4 34. a3 Rc8 35. g4 Kf6 36. Rde1 Rc3 37. Kg2 Re6 38. R7xe6+ Bxe6 39. Re3 Rxe3 40. fxe3 Kg5 41. Kg3 h6 42. Bc6 Bxg4 43. Bxa4 h5 44. Bc6 h4+ 45. Kh2 Kf5 46. Bd7+ Kg5 47. Bxg4 Kxg4 48. a4 Kf5 49. a5 Ke6 50. a6 1-0


[Site "https://www.chess.com"]

[Event "Titled Tuesday Blitz September 21 2021"]
[White "Bazeev, German"]
[Black "Sharma, Dinesh K."]
[WhiteFideId "24119350"]
[BlackFideId "5004110"]
[WhiteElo "2462"]
[BlackElo "2392"]
[Result "1/2-1/2"]
[Round "04"]
[TimeControl "180+1"]
[Date "2021.09.21"]
[WhiteClock "0:00:08"]
[BlackClock "0:00:14"]

1. d4 d5 2. Nf3 Nf6 3. c4 c6 4. Qc2 dxc4 5. e4 b5 6. b3 cxb3 7. axb3 e6 8. Bd2 Be7 9. Ba5 Qd7 10. Nbd2 O-O 11. Bd3 h6 12. b4 Na6 13. Qb2 Bb7 14. O-O Bd8 15. Ne5 Qe7 16. Bxd8 Rfxd8 17. Rxa6 Bxa6 18. Nxc6 Qd7 19. Nxd8 Rxd8 20. Nb3 Qe7 21. Nc5 Bb7 22. f3 Bc6 23. Ra1 Qc7 24. Bf1 Nd7 25. Qc3 Nb6 26. Nb3 Qd6 27. Qc5 Qd7 28. Rc1 Rc8 29. Qe5 f6 30. Qg3 Qe7 31. Qe1 Be8 32. Rxc8 Nxc8 33. Qc3 Nb6 34. Qc5 Qd7 35. Qc3 Na4 36. Qe3 Qd6 37. Nc5 Nb2 38. Qc3 Na4 39. Qe3 Nb2 40. Be2 Kf8 41. g3 Nc4 42. Bxc4 bxc4 43. Kf2 Bb5 44. Qc3 Ke7 45. Ke3 Qb8 46. Qa3 h5 47. Kd2 h4 48. f4 hxg3 49. hxg3 a6 50. Kc3 Qh8 51. Qa5 Qh2 52. Qc7+ Ke8 53. Qc8+ Kf7 54. Qxe6+ Kf8 55. Qc8+ Kf7 56. Qc7+ Ke8 57. Qc8+ Kf7 58. Qe6+ Kf8 59. Qg4 Qf2 60. Qc8+ Kf7 61. Qe6+ Kf8 62. Qc8+ Kf7 63. Qe6+ Kf8 64. Qc8+ 1/2-1/2


[Site "https://www.chess.com"]

[Event "Titled Tuesday Blitz September 21 2021"]
[White "Begunov, Konstantin"]
[Black "Piesik, Piotr"]
[WhiteFideId "4118510"]
[BlackFideId "1136194"]
[WhiteElo "2262"]
[BlackElo "2365"]
[Result "1-0"]
[Round "04"]
[TimeControl "180+1"]
[Date "2021.09.21"]
[WhiteClock "0:00:06"]
[BlackClock "0:00:18"]

1. d4 c5 2. dxc5 e6 3. Nc3 Bxc5 4. Ne4 Nf6 5. Nxc5 Qa5+ 6. c3 Qxc5 7. Qd4 Qxd4 8. cxd4 Nc6 9. e3 Nb4 10. Kd1 Ne4 11. Nh3 d5 12. f3 Nd6 13. Bd2 Nc6 14. Bd3 Bd7 15. Ke2 Ke7 16. Rhc1 Rhc8 17. f4 h6 18. Ng1 f6 19. Nf3 Be8 20. Rc2 Ne4 21. Rac1 g5 22. Bb4+ Kf7 23. g4 Bd7 24. Be1 Ne7 25. h4 gxf4 26. exf4 Ng6 27. Ke3 Nd6 28. Bb4 Ne8 29. g5 hxg5 30. hxg5 Rxc2 31. Rxc2 Bc6 32. gxf6 Nxf6 33. Bxg6+ Kxg6 34. Ne5+ Kf5 35. Nxc6 bxc6 36. Rxc6 Rh8 37. Rc7 Rh3+ 38. Kd2 Ne4+ 39. Kc2 Rh2+ 40. Kb3 Kxf4 41. Rxa7 Ke3 42. Bc3 Rh8 43. Re7 Rb8+ 44. Kc2 Rb6 45. a4 Ng3 46. a5 Rc6 47. Rb7 Nf5 48. Rb6 Nxd4+ 49. Kb1 Rc5 50. Bxd4+ Kxd4 51. a6 Ra5 52. b4 Ra4 53. b5 e5 54. Rb7 e4 55. a7 e3 56. b6 e2 57. Re7 Kd3 58. Kb2 Kd2 59. Kb3 Ra6 60. b7 Rxa7 61. Rxe2+ Kxe2 62. b8=Q Ra1 63. Qe5+ Kd3 64. Qxa1 1-0


[Site "https://www.chess.com"]

[Event "Titled Tuesday Blitz September 21 2021"]
[White "Boros, Denes"]
[Black "Coto Mederos, Michel"]
[WhiteFideId "722340"]
[BlackFideId "3508528"]
[WhiteElo "2464"]
[BlackElo "2427"]
[Result "0-1"]
[Round "04"]
[TimeControl "180+1"]
[Date "2021.09.21"]
[WhiteClock "0:00:14"]
[BlackClock "0:00:05"]

1. d4 d5 2. Nc3 Nf6 3. Bf4 Bf5 4. Nf3 e6 5. e3 Bd6 6. Ne5 O-O 7. f3 Bxe5 8. Bxe5 Nfd7 9. Bf4 c5 10. Qd2 Nc6 11. g4 Bg6 12. h4 f6 13. h5 Bf7 14. h6 g6 15. dxc5 e5 16. Bg3 Nxc5 17. O-O-O d4 18. exd4 exd4 19. Ne4 Nxe4 20. fxe4 Qe7 21. Kb1 Rac8 22. Bd3 Qe6 23. b3 Qe7 24. Qf2 Be6 25. Rhe1 Qa3 26. Re2 Nb4 27. Qxd4 Qxa2+ 28. Kc1 Rfd8 29. Qxb4 Bxb3 30. Kd2 Bxc2 31. Ke3 Qb3 32. Qxb3+ Bxb3 33. Rdd2 Rc3 34. e5 Bc4 35. exf6 Rcxd3+ 36. Rxd3 Rxd3+ 37. Kf2 Rxg3 38. Re8+ Kf7 39. Rc8 Rc3 40. g5 Rc2+ 41. Ke3 Bb3 42. Rb8 Rc7 43. Rh8 Ke6 44. Kd4 Kf5 45. Rg8 Kxg5 46. Rg7 Bf7 47. Rxh7 Kxf6 48. Rh8 g5 49. Rd8 Kg6 50. Rh8 Rd7+ 51. Ke5 Re7+ 52. Kd6 Re1 53. h7 Rh1 54. Rf8 Rxh7 55. Rb8 Rh6 56. Ke5 Rh1 57. Kd4 Re1 58. Kd3 g4 59. Rxb7 g3 60. Kd2 Re5 61. Rb3 Bxb3 62. Kd3 Bd5 63. Kd4 Kf5 64. Kc3 g2 65. Kb4 g1=Q 66. Ka5 Qc5+ 67. Ka6 Qb6# 0-1


[Site "https://www.chess.com"]

[Event "Titled Tuesday Blitz September 21 2021"]
[White "Boyer, Mahel"]
[Black "Suarez Uriel, Adrian"]
[WhiteFideId "45102422"]
[BlackFideId "22230874"]
[WhiteElo "2328"]
[BlackElo "2300"]
[Result "1-0"]
[Round "04"]
[TimeControl "180+1"]
[Date "2021.09.21"]
[WhiteClock "0:00:07"]
[BlackClock "0:00:18"]

1. e4 c5 2. d3 Nc6 3. g3 d5 4. exd5 Qxd5 5. Nf3 Nf6 6. Bg2 Bg4 7. O-O e6 8. h3 Bh5 9. Re1 Qd7 10. Nbd2 Bd6 11. Nc4 Bc7 12. g4 Bg6 13. Nfe5 Nxe5 14. Nxe5 Bxe5 15. Rxe5 Rc8 16. Qf3 b6 17. Bg5 Qd4 18. Bxf6 gxf6 19. Qxf6 O-O 20. h4 Qxg4 21. Rg5 Qd4 22. Qxd4 cxd4 23. h5 Rxc2 24. hxg6 hxg6 25. b4 Rfc8 26. a4 Rd2 27. Rg3 Rcc2 28. Rf3 Rc3 29. Bf1 Kg7 30. a5 b5 31. Rb1 f5 32. Re1 Kf6 33. Rh3 Rc7 34. Rh8 Re7 35. Rf8+ Kg5 36. Rb8 a6 37. Rb6 Rb2 38. Rexe6 Rxe6 39. Rxe6 Rxb4 40. Rxa6 Ra4 41. Kg2 Kf4 42. Be2 g5 43. Bd1 Ra1 44. Bb3 g4 45. Rd6 Rxa5 46. Rxd4+ Kg5 47. Rb4 Kf6 48. Bd5 Ra3 49. d4 Rd3 50. Bc6 f4 51. Bxb5 Rd2 52. Bc6 g3 53. Be4 Rxf2+ 54. Kh3 Re2 55. Rb6+ Kg5 56. Rg6+ Kh5 57. Bf3+ Kxg6 58. Bxe2 Kf5 59. Bf3 Kg5 60. d5 Kf5 61. Kh4 Ke5 62. Kg4 Kd4 63. Kxf4 Kc5 64. Kxg3 1-0


[Site "https://www.chess.com"]

[Event "Titled Tuesday Blitz September 21 2021"]
[White "Budrewicz, Krzysztof"]
[Black "Onyshchuk, Volodymyr"]
[WhiteFideId "1127950"]
[BlackFideId "14114038"]
[WhiteElo "2242"]
[BlackElo "2603"]
[Result "1/2-1/2"]
[Round "04"]
[TimeControl "180+1"]
[Date "2021.09.21"]
[WhiteClock "0:00:28"]
[BlackClock "0:00:35"]

1. d4 d6 2. c4 e5 3. Nf3 e4 4. Nfd2 f5 5. Nc3 Nf6 6. Nb3 Be6 7. d5 Bf7 8. Nd4 g6 9. h4 c5 10. dxc6 Nxc6 11. Nxc6 bxc6 12. Qa4 Qd7 13. Bg5 Bg7 14. e3 Rb8 15. Qc2 Ng4 16. Rd1 Be5 17. Be2 h6 18. Bf4 Bxf4 19. exf4 Nf6 20. Qd2 Rd8 21. Qd4 Qe7 22. O-O O-O 23. g3 c5 24. Qd2 h5 25. Rfe1 Rd7 26. b3 Rfd8 27. Qe3 Kg7 28. Rd2 d5 29. cxd5 Bxd5 30. Red1 Be6 31. Rxd7 Rxd7 32. Rxd7 Nxd7 33. Na4 Qd6 34. Qc3+ Qd4 35. Kf1 Kf7 36. Qc1 Ke7 37. Ke1 Kd6 38. Nc3 Ke7 39. Nb5 Qb4+ 40. Qd2 a5 41. Kd1 Qxd2+ 42. Kxd2 Nb6 43. Nc3 Kd6 44. Bb5 Bf7 45. Ke3 c4 46. bxc4 Kc5 47. Na4+ Nxa4 48. Bxa4 Bxc4 49. a3 Bf7 50. Kd2 Kd4 51. Bb5 Kc5 52. Bd7 Kc4 53. Ba4 Kd4 54. Bb5 Kc5 55. Ba4 Kc4 56. Kc2 Kd4 57. Kd2 Kc4 58. Kc2 Kd4 59. Kd2 Kc4 1/2-1/2


[Site "https://www.chess.com"]

[Event "Titled Tuesday Blitz September 21 2021"]
[White "Buscar, Michael"]
[Black "Martinez Alcantara, Jose Eduardo"]
[WhiteFideId "2603616"]
[BlackFideId "3805662"]
[WhiteElo "2010"]
[BlackElo "2690"]
[Result "0-1"]
[Round "04"]
[TimeControl "180+1"]
[Date "2021.09.21"]
[WhiteClock "0:00:09"]
[BlackClock "0:01:32"]

1. d4 Nf6 2. c4 e6 3. Nf3 Bb4+ 4. Bd2 Qe7 5. g3 Bxd2+ 6. Nbxd2 d6 7. Bg2 e5 8. dxe5 dxe5 9. Qc2 Nc6 10. O-O e4 11. Ne1 e3 12. Bxc6+ bxc6 13. Ndf3 Bh3 14. Nd3 Bxf1 15. Rxf1 exf2+ 16. Nxf2 O-O 17. b3 Rfe8 18. Re1 Rad8 19. Kg2 Qe3 20. Nd1 Qe4 21. Qb2 Ng4 22. Nf2 Ne3+ 23. Kg1 Qc2 24. Qa1 Qf5 25. Qc3 c5 26. Rc1 h5 27. Nh4 Qe6 28. Re1 Qc6 29. Nf3 Ng4 30. Nh4 Re3 31. Qb2 Qe6 32. Nxg4 Qxg4 33. Ng2 Re4 34. Nf4 Rxf4 0-1


[Site "https://www.chess.com"]

[Event "Titled Tuesday Blitz September 21 2021"]
[White "Coelho, Ramyres Santana"]
[Black "Karpeshov, Oleg"]
[WhiteFideId "2120690"]
[BlackFideId "4106814"]
[WhiteElo "1888"]
[BlackElo "2354"]
[Result "0-1"]
[Round "04"]
[TimeControl "180+1"]
[Date "2021.09.21"]
[WhiteClock "0:00:05"]
[BlackClock "0:01:33"]

1. e4 e6 2. d4 d5 3. Nc3 Bb4 4. e5 b6 5. a3 Bf8 6. Qg4 Ne7 7. f4 Qd7 8. Nf3 Ba6 9. Bxa6 Nxa6 10. O-O Nb8 11. Be3 Nbc6 12. Bf2 h5 13. Qh3 Rh6 14. Ng5 Nf5 15. Rad1 Be7 16. Qd3 f6 17. exf6 gxf6 18. Nf3 O-O-O 19. Qa6+ Kb8 20. Nb5 Nd6 21. Nxd6 Bxd6 22. g3 Ne7 23. Qe2 Nf5 24. Rfe1 Re8 25. Kh1 Rhh8 26. c4 c6 27. b4 h4 28. g4 Ng3+ 29. Bxg3 hxg3 30. Kg2 gxh2 31. c5 Bc7 32. cxb6 axb6 33. a4 Bxf4 34. a5 b5 35. a6 e5 36. a7+ Ka8 37. dxe5 Qxg4+ 38. Kh1 fxe5 39. Rf1 Rhg8 40. Qc2 Qg6 41. Qc3 Qg2# 0-1


[Site "https://www.chess.com"]

[Event "Titled Tuesday Blitz September 21 2021"]
[White "Costachi, Mihnea"]
[Black "Pasti, Aron"]
[WhiteFideId "1217518"]
[BlackFideId "785857"]
[WhiteElo "2482"]
[BlackElo "2080"]
[Result "0-1"]
[Round "04"]
[TimeControl "180+1"]
[Date "2021.09.21"]
[WhiteClock "0:01:03"]
[BlackClock "0:00:15"]

1. d4 d5 2. c4 e6 3. Nc3 Nf6 4. cxd5 exd5 5. Bg5 Be7 6. Qc2 O-O 7. e3 Re8 8. Bd3 h6 9. Bh4 c5 10. dxc5 d4 11. Nce2 dxe3 12. Nf3 Nd5 13. Bxe7 exf2+ 14. Kxf2 Qxe7 15. Qd2 Bg4 16. Rac1 Bxf3 17. gxf3 Nc6 18. Ng3 Qf6 19. Be4 Nf4 20. Nf5 Qg5 21. h4 Nh3+ 22. Ke2 Qxf5 23. Kd1 Nf2+ 24. Qxf2 Rxe4 25. Rc2 Rd4+ 26. Kc1 Nb4 27. a3 Nd3+ 28. Kb1 Nxf2 0-1


[Site "https://www.chess.com"]

[Event "Titled Tuesday Blitz September 21 2021"]
[White "Czerw, Dawid"]
[Black "Tsaruk, Maksim"]
[WhiteFideId "1145746"]
[BlackFideId "13511173"]
[WhiteElo "2075"]
[BlackElo "2195"]
[Result "0-1"]
[Round "04"]
[TimeControl "180+1"]
[Date "2021.09.21"]
[WhiteClock "0:00:07"]
[BlackClock "0:00:11"]

1. d4 Nf6 2. c4 e6 3. Nc3 d5 4. cxd5 Nxd5 5. e4 Nxc3 6. bxc3 c5 7. Nf3 cxd4 8. cxd4 Bb4+ 9. Bd2 Bxd2+ 10. Qxd2 O-O 11. Bc4 b6 12. O-O Bb7 13. Rfe1 Nd7 14. Rad1 Rc8 15. Bb3 Re8 16. d5 exd5 17. exd5 Nc5 18. d6 Bxf3 19. gxf3 Rxe1+ 20. Rxe1 Qf6 21. d7 Rf8 22. Re8 Nb7 23. Qe1 g6 24. Rxf8+ Kxf8 25. Qe8+ Kg7 26. f4 b5 27. Bd5 Nd8 28. Kg2 a5 29. h3 b4 30. Kg1 a4 31. Kg2 Qd4 32. Qxd8 Qxd5+ 33. Kg3 b3 34. axb3 axb3 35. Qe8 Qd3+ 36. Kg2 Qd5+ 37. Kg3 b2 38. d8=Q Qxd8 39. Qxd8 b1=Q 40. Qd4+ Kh6 41. Qe3 Qg1+ 42. Kf3 Kh5 43. Qe2 Kh4 44. Ke3 Kxh3 45. Qf3+ Kh4 46. f5 Qg5+ 47. Ke4 Qxf5+ 48. Qxf5 gxf5+ 49. Kxf5 Kh3 50. f4 Kg3 51. Kg5 h6+ 52. Kxh6 Kxf4 53. Kg7 f5 54. Kf6 Kg4 55. Ke6 f4 56. Ke5 f3 57. Ke4 f2 0-1


[Site "https://www.chess.com"]